 Dungeon Crawl Stone Soup version 0.24-b1-30-g840c9efd86 (webtiles) character file.

Game seed: 10512379692927299961, levelgen mode: deterministic

226 Mesmaeker13 the Ducker (level 5, 0/45 HPs)
             Began as a Demigod Skald on Oct 24, 2019.
             Slain by a mummy (9 damage)
             ... in an ossuary.
             The game lasted 00:05:37 (4071 turns).

Mesmaeker13 the Ducker (Demigod Skald)              Turns: 4071, Time: 00:05:38

Health: 0/45       AC:  4    Str: 16    XL:     5   Next: 41%
Magic:  10/10      EV: 13    Int: 20    God:
Gold:   261        SH:  0    Dex: 15    Spells: 6/7 levels left

rFire    . . .     SeeInvis .   f - +2 trident
rCold    . . .     Gourm    .   (no shield)
rNeg     . . .     Faith    .   b - +1 leather armour of Exclusion {rPois Int+3}
rPois    +         Spirit   .   (no helmet)
rElec    .         Reflect  .   (no cloak)
rCorr    .         Harm     .   (no gloves)
MR       .....                  (no boots)
Stlth    +.........             (no amulet)
HPRegen  0.15/turn              (no ring)
MPRegen  0.12/turn              (no ring)

@: berserk cooldown, slowed, very slow
A: high mp 1
a: no special abilities


You were in an ossuary.
You were not hungry.

You visited 1 branch of the dungeon, and saw 4 of its levels.
You also visited: Ossuary.

You collected 261 gold pieces.

Inventory:

Hand Weapons
 f - a +2 trident (weapon)
Missiles
 o - 6 poisoned darts (quivered)
Armour
 b - the +1 leather armour of Exclusion (worn) {rPois Int+3}
   (You found it on level 4 of the Dungeon)

   It affects your intelligence (+3).
   It protects you from poison.
Wands
 e - a wand of digging (6)
Scrolls
 h - 2 scrolls of amnesia
 j - a scroll of teleportation
Potions
 g - a potion of might {unknown}
 k - a potion of brilliance {unknown}
 q - a potion of magic {unknown}
Comestibles
 a - a chunk of flesh
 d - 5 rations


   Skills:
 + Level 3.2 Fighting
   Level 1.7 Short Blades
 + Level 1.2 Polearms
 + Level 2.8 Armour
 + Level 3.3 Dodging
 - Level 1.7 Spellcasting
 - Level 2.6 Charms


You had 6 spell levels left.
You knew the following spells:

 Your Spells              Type           Power        Failure   Level  Hunger
a - Infusion              Chrm           ##..         6%          1    #......

Your spell library contained the following spells:

 Spells                   Type           Power        Failure   Level  Hunger
 Song of Slaying          Chrm           ##......     10%         2    ###....
 Shroud of Golubria       Chrm/Tloc      #.....       17%         2    ###....
 Regeneration             Chrm/Necr      #.........   32%         3    ###....
 Spectral Weapon          Hex/Chrm       #.......     32%         3    ###....


Dungeon Overview and Level Annotations

Branches:
Dungeon (4/15)            Ossuary (1/1)
 Temple: D:4-7


Innate Abilities, Weirdness & Mutations

You have an increased reservoir of magic. (+10% MP)


Message History

The bullfrog zombie barely misses you.
You hit the bullfrog zombie.
You destroy the bullfrog zombie!
You are no longer berserk.
You are exhausted.
You feel yourself slow down.
You hit the mummy but do no damage. The mummy hits you.
* * * LOW HITPOINT WARNING * * *
You puncture the mummy!
The mummy is heavily damaged.
The mummy misses you.
Some of the chunks of flesh in your inventory have rotted away.
You hit the mummy.
The mummy is severely damaged.
The mummy hits you.
* * * LOW HITPOINT WARNING * * *
You hit the mummy.
The mummy is severely damaged.
The mummy hits you!
You die...

### #.#
#.≈ +.≈
###.#####
#.'.#...#
###.'.∩.#
#.'@#..∩#
###M#####


'Z' ##.## '.# #.' '.# #.# You could see a mummy and a hound zombie.

Vanquished Creatures
  A bullfrog zombie (Ossuary)
  An orc priest (D:4)
  3 mummies (Ossuary)
  3 adders
  An ooze (D:1)
  An adder zombie (Ossuary)
  2 adder skeletons
  2 worms
  3 dart slugs
  7 orcs
  8 bats
  3 giant cockroaches
  9 goblins
  9 hobgoblins
  A quokka (D:3)
  2 ball pythons (D:1)
  4 frilled lizards
  6 kobolds
  8 rats
  A spectral orc (D:3)
75 creatures vanquished.

Vanquished Creatures (others)
  A withered plant (Ossuary)
1 creature vanquished.

Grand Total: 76 creatures vanquished

Notes
Turn   | Place    | Note
-------+----------+-------------------------------------------
     0 | D:1      | Mesmaeker13 the Demigod Skald began the quest for the Orb.
     0 | D:1      | Reached XP level 1. HP: 17/17 MP: 5/5
    25 | D:1      | Reached skill level 1 in Armour
   566 | D:1      | Reached XP level 2. HP: 24/24 MP: 1/7
  1416 | D:2      | Reached XP level 3. HP: 25/30 MP: 3/8
  1835 | D:2      | Found an ancient bone altar of Kikubaaqudgha.
  2961 | D:3      | Reached XP level 4. HP: 34/37 MP: 6/9
  3156 | D:3      | Found a basalt altar of Yredelemnul.
  3494 | D:4      | Found a sacrificial altar of Ru.
  3500 | D:4      | Noticed an ogre
  3879 | D:4      | Got a distressingly furry leather armour
  3890 | D:4      | Identified the +1 leather armour of Exclusion {rPois Int+3}
                  | (You found it on level 4 of the Dungeon)
  3926 | D:4      | Found a sand-covered staircase.
  3949 | Ossuary  | Entered an ossuary
  4038 | Ossuary  | Reached XP level 5. HP: 23/45 MP: 10/10
  4045 | Ossuary  | Reached skill level 1 in Polearms
  4071 | Ossuary  | Slain by a mummy

Skill      XL: |  1  2  3  4  5 |
---------------+----------------+-----
Armour         | 1 2 |  2.8
Fighting       | 2 3 |  3.2
Dodging        | 2 3 |  3.3
Polearms       | 1 |  1.2
Short Blades   | |  1.7
Spellcasting   | |  1.7
Charms         | |  2.6

Action                   |  1- 3 |  4- 6 || total
-------------------------+-------+-------++-------
Melee: Short sword       |   159 |    22 ||   181
       Mace              |    25 |    13 ||    38
       Trident           |       |    62 ||    62
Throw: Dart              |       |     6 ||     6
 Cast: Infusion          |    18 |       ||    18
  Use: Scroll            |     6 |     3 ||     9
       Potion            |       |     1 ||     1
  Eat: Chunk             |     6 |     5 ||    11
Armor: Leather armour    |    10 |     8 ||    18
       Ring mail         |    64 |    13 ||    77
Dodge: Dodged            |   144 |    55 ||   199
